 Dungeon Crawl Stone Soup version 0.19.4-8-ga85b6b9 (webtiles) character file.

796 Gargoyl the Covered (level 7, -1/60 HPs)
             Began as a Ghoul Abyssal Knight on Feb 6, 2017.
             Was a Priest of Lugonu.
             Slain by a gnoll sergeant
             ... wielding a +0 trident
              (8 damage)
             ... on level 4 of the Dungeon.
             The game lasted 00:08:45 (3771 turns).

Gargoyl the Covered (Ghoul Abyssal Knight)          Turns: 3771, Time: 00:08:46

Health: -1/60      AC: 12    Str: 17    XL:     7   Next: 89%
Magic:  9/9        EV:  7    Int:  7    God:    Lugonu [***...]
Gold:   189        SH:  0    Dex:  9    Spells: 0 memorised, 6 levels left

rFire  . . .     SeeInvis .     a - +1 hand axe
rCold  + . .     Gourm    .     k - +1 chain mail
rNeg   + + +     Faith    .     (no shield)
rPois  ∞         Spirit   .     o - +2 hat
rElec  .         Reflect  .     (no cloak)
rCorr  .         Harm     .     (no gloves)
MR     .....                    (no boots)
Stlth  ..........               (no amulet)
                                (no ring)
                                (no ring)

@: rotting
A: rotting body, claws 1, carnivore 3, cold resistance 1, negative energy
resistance 3, slow regeneration 1, torment resistance, unbreathing
a: Depart the Abyss, Bend Space, Banish, Renounce Religion


You were on level 4 of the Dungeon.
You worshipped Lugonu.
Lugonu was most pleased with you.
You were not hungry.

You visited 1 branch of the dungeon, and saw 4 of its levels.
You visited the Abyss 1 time.
You also visited: Ossuary.

You collected 189 gold pieces.

Inventory:

Hand Weapons
 a - a +1 hand axe (weapon)
Missiles
 d - 14 tomahawks (quivered)
Armour
 k - a +1 chain mail (worn)
 o - a +2 hat (worn)
Wands
 i - a wand of iceblast (10/15)
Scrolls
 e - 4 scrolls of teleportation
 f - 3 scrolls of remove curse
 g - 4 scrolls of identify
 m - a scroll of fog
Comestibles
 c - 4 meat rations
 j - a beef jerky


   Skills:
 + Level 4.5 Fighting
 + Level 4.3 Axes
 * Level 4.8 Armour
 + Level 2.0 Dodging
 * Level 4.4 Invocations


You had 6 spell levels left.
You didn't know any spells.

Dungeon Overview and Level Annotations

Branches:
Dungeon (4/15)
 Temple: D:4-7

Altars:
Dithmenos
Fedhas
Makhleb
Okawaru
Sif Muna
Trog

Annotations:
Abyss:1 Pikel


Innate Abilities, Weirdness & Mutations

Your body is rotting away.
You thrive on raw meat.
You are immune to poison.
You have sharp fingernails.
You are carnivorous and can eat meat at any time.
Your flesh is cold resistant. (rC+)
You are immune to negative energy. (rN+++)
You regenerate slowly when monsters are visible.
You are immune to unholy pain and torment.
You can survive without breathing.


Message History

You are no longer glowing.
The gnoll closely misses you.
The gnoll sergeant hits you from afar with a trident.
* * * LOW HITPOINT WARNING * * *
You hit the gnoll.
The gnoll is moderately wounded.
The gnoll closely misses you. The gnoll sergeant closely misses you.
The gnoll barely misses you.
You closely miss the gnoll.
The gnoll is lightly wounded.
The gnoll sergeant hits you but does no damage.
The gnoll hits you with a club.
* * * LOW HITPOINT WARNING * * *
You closely miss the gnoll.
The gnoll is lightly wounded.
The gnoll barely misses you.
The gnoll sergeant hits you but does no damage.
The gnoll barely misses you.
The gnoll sergeant hits you from afar with a trident!
You die...

......#....≈≈#ggg#...............
......#....≈≈#####≈≈≈≈g≈≈≈≈g≈≈.g.
......#....≈≈≈≈≈≈≈≈≈≈≈≈g≈≈≈≈≈gg..
...##)#....≈≈≈≈≈≈≈≈≈≈p≈≈≈≈≈≈≈g...
...##.#.....P.......ggg......g...
..............g......ggg......>#.
#######.######K..g.g.#.####.##...
#....# #.#####.#.# #.!#.## #.##.#
####.#@g.#.#.# ##.#.# #.##.#
#....###g#.#.# .^.# #.##.#
#......g.#.#.# #..# #.##.#
##########.#.# .... #.#... #.#'#
..... #.##### #.....# #######


You could see a gnoll sergeant and a gnoll.

Vanquished Creatures
  A slave (D:3)
  A scorpion (D:4)
  An orc wizard (D:4)
  A gnoll shaman (D:4)
  2 orc priests (D:3)
  Terence (D:2)
  Natasha (D:1)
  A mummy (D:4)
  Robin (D:2)
  3 gnolls
  5 adders
  2 worms
  A dart slug (D:3)
  2 leopard geckos
  13 orcs
  A giant cockroach (D:4)
  17 goblins
  13 hobgoblins
  22 jackals
  A quokka (D:3)
  2 ball pythons
  10 bats
  6 frilled lizards
  6 kobolds
  8 rats
122 creatures vanquished.

Vanquished Creatures (others)
  A slave (D:4)
  4 gnolls (D:4)
5 creatures vanquished.

Grand Total: 127 creatures vanquished

Notes
Turn   | Place    | Note
-------+----------+-------------------------------------------
     0 | Abyss:1  | Gargoyl the Ghoul Abyssal Knight began the quest for the Orb.
     0 | Abyss:1  | Reached XP level 1. HP: 19/19 MP: 1/1
    48 | Abyss:1  | Noticed a small abomination
    95 | Abyss:1  | Noticed a large abomination
    96 | Abyss:1  | Noticed a chaos spawn
   130 | Abyss:2  | Noticed a dire elephant skeleton
   131 | Abyss:2  | Noticed a necromancer
   133 | Abyss:2  | Noticed a catoblepas zombie
   162 | Abyss:2  | Noticed a Hell Sentinel
   162 | D:1      | Escaped the Abyss
   269 | D:1      | Reached * piety under Lugonu
   269 | D:1      | Reached XP level 2. HP: 23/26 MP: 2/2
   553 | D:1      | Reached skill level 1 in Dodging
   647 | D:1      | Reached XP level 3. HP: 27/33 MP: 3/3
  1312 | D:2      | Reached XP level 4. HP: 39/40 MP: 4/4
  1326 | D:2      | Reached ** piety under Lugonu
  1328 | D:2      | Noticed Terence
  1350 | D:2      | Killed Terence
  1444 | D:2      | Noticed Robin
  1444 | D:2      | Noticed Natasha
  1478 | D:1      | Killed Natasha
  1478 | D:1      | Reached XP level 5. HP: 22/46 MP: 5/5
  1503 | D:2      | Killed Robin
  1908 | D:3      | Found a deep blue altar of Sif Muna.
  2099 | D:3      | Reached XP level 6. HP: 40/52 MP: 7/7
  2207 | D:3      | Found a shadowy altar of Dithmenos.
  2208 | D:3      | Found an iron altar of Okawaru.
  2209 | D:3      | Found a burning altar of Makhleb.
  2210 | D:3      | Found a bloodstained altar of Trog.
  2236 | D:3      | Found a blossoming altar of Fedhas.
  2683 | D:4      | Found a sand-covered staircase.
  2875 | Ossuary  | Entered an ossuary
  2878 | Ossuary  | Noticed baghtru's ghost (amateur DECj)
  3006 | D:4      | Reached *** piety under Lugonu
  3349 | D:4      | Noticed a slave
  3350 | D:4      | Noticed Pikel
  3350 | D:4      | Noticed a slave
  3367 | D:4      | Noticed a slave
  3423 | D:3      | Killed a slave
  3554 | D:3      | Banished Pikel
  3554 | D:3      | Reached XP level 7. HP: 16/60 MP: 7/9
  3771 | D:4      | Slain by a gnoll sergeant

Skill      XL: |  1  2  3  4  5  6 |
---------------+-------------------+-----
Axes           | 2 3 4 |  4.3
Armour         | 2 3 4 |  4.8
Dodging        | 1 2 |  2.0
Fighting       | 4 |  4.5
Invocations    | 3 4 |  4.4

Action                   |  1- 3 |  4- 6 |  7- 9 || total
-------------------------+-------+-------+-------++-------
Melee: Hand axe          |   171 |   408 |    26 ||   605
Throw: Tomahawk          |       |     1 |       ||     1
Invok: Depart the Abyss  |     1 |       |       ||     1
       Banish            |       |       |     1 ||     1
  Use: Scroll            |     6 |     4 |       ||    10
       Potion            |       |     4 |       ||     4
  Eat: Chunk             |    17 |    51 |     1 ||    69
Armor: Leather armour    |    40 |       |       ||    40
       Chain mail        |    62 |   305 |    17 ||   384
Dodge: Dodged            |    92 |   197 |    14 ||   303
